AoeStats
← 8

Runestones

507674667Analyzed
1v1 RM · 14d ago on Sep 19, 2026· 52m 30s· 2 players
Game mode
Random Map
Map size
Tiny (2 player)
Population
200
Speed
Normal
Resources
Standard
Victory
Conquest
Starting age
Dark Age
Ending age
Imperial Age
RankedLock teamsTeams togetherTeam positionsShared explorationLock speedFull tech treeHidden civsTurbo modeCheats
Victory
Defeat
🇮🇳 Poles · India
1059
+14
🇺🇸 Muisca · United States
1009
-14
8
6:37 Loom
9:59 Feudal Age
10:37 Double-Bit Axe
21:01 Castle Age
20:19 Gold Mining
23:51 Scale Mail Armor
27:19 Forging
28:00 Chain Mail Armor
30:09 Bow Saw
33:48 Iron Casting
34:58 Champi Runner
35:23 Elite Skirmisher
44:39 Imperial Age
43:42 Fletching
45:11 Bodkin Arrow
48:10 Conscription
50:46 Elite Temple Guard
53:35 Wheelbarrow
LakhoFulani
5:37 Loom
11:14 Feudal Age
16:54 Horse Collar
18:05 Forging
19:12 Bloodlines
19:06 Double-Bit Axe
20:38 Wheelbarrow
23:54 Castle Age
23:51 Fletching
24:55 Thumb Ring
30:14 Bow Saw
29:31 Light Cavalry
32:48 Hand Cart
33:21 Iron Casting
41:08 Imperial Age
41:12 Crossbowman
41:58 Thumb Ring
42:21 Bodkin Arrow
43:16 Heavy Plow
44:28 Conscription
47:21 Bracer
48:53 Arbalester
49:29 Winged Hussar
53:26 Chemistry
Connection lost

Rejoining the realm…

Still unreachable

The connection could not be restored.

Session expired

The server has moved on; the page needs a fresh start.